 Dungeon Crawl Stone Soup version 0.19-a0-406-ge21436e (webtiles) character file.

4077 MenacingMecha the Spear-Bearer (level 10, -3/80 HPs)
             Began as a Merfolk Gladiator on May 31, 2016.
             Was a Believer of Hepliaklqana.
             Killed from afar by an electric eel (12 damage)
             ... with a bolt of electricity
             ... on level 8 of the Dungeon.
             The game lasted 00:35:58 (8438 turns).

MenacingMecha the Spear-Bearer (Merfolk Gladiator)  Turns: 8438, Time: 00:35:59

Health: -3/80      AC:  8    Str: 15    XL:     10   Next: 25%
Magic:  19/19      EV: 18    Int:  7    God:    Hepliaklqana [**....]
Gold:   329        SH:  8    Dex: 19    Spells: 2 memorised, 5 levels left

rFire  . . .     SeeInvis .     F - +3 trident (vamp) {!w}
rCold  . . .     Gourm    .     N - +0 steam dragon armour {SteDA rSteam}
rNeg   . . .     Faith    .     m - +2 buckler
rPois  .         Spirit   .     c - +1 helmet
rElec  .         Dismiss  .     (no cloak)
rCorr  .         Reflect  .     o - +0 pair of gloves
SustAt .         Harm     .     (no boots)
MR     .....                    (no amulet)
Stlth  +++.......               (no ring)
                                G - ring of magical power {MP+9}

@: not resistant to hostile enchantments, fairly stealthy
A: change form in water, swift swim
a: Recall Ancestor, Ancestor Identity, Renounce Religion


You were on level 8 of the Dungeon.
You worshipped Hepliaklqana.
Hepliaklqana was pleased with you.
You were hungry.

You visited 2 branches of the dungeon, and saw 9 of its levels.

You collected 329 gold pieces.

Inventory:

Hand Weapons
 F - a +3 vampiric trident (weapon) {!w}
   (You found it on level 5 of the Dungeon)
Missiles
 b - 2 javelins (quivered)
 d - 2 throwing nets
Armour
 c - a +1 helmet (worn)
 g - the +2 leather armour "Vuytieli" {MR+ Str+2}
   (You found it on level 5 of the Dungeon)

   It affects your strength (+2).
   It affects your resistance to hostile enchantments.
 m - a +2 buckler (worn)
   (You found it on level 1 of the Dungeon)
 o - a +0 pair of gloves (worn)
   (You found it on level 2 of the Dungeon)
 y - a +0 shield
   (You found it on level 4 of the Dungeon)
 I - a +2 ring mail of cold resistance {rC+}
   (You found it on level 7 of the Dungeon)
 K - a +2 hat
   (You found it on level 7 of the Dungeon)
 N - a +0 steam dragon armour (worn) {SteDA rSteam}
   (You found it on level 8 of the Dungeon)
Jewellery
 n - a +4 ring of protection {unknown}
   (You took it off an orc warrior on level 8 of the Dungeon)
 s - an uncursed amulet of faith {Faith, !P}
   (You found it on level 2 of the Dungeon)
 G - a ring of magical power (left hand) {MP+9}
   (You found it on level 7 of the Dungeon)
Wands
 v - a wand of flame (34/48)
   (You found it on level 6 of the Dungeon)
Scrolls
 a - a scroll of magic mapping {unknown}
 h - 8 scrolls of teleportation
 i - 3 scrolls of remove curse
 l - 3 scrolls of fog
 q - a scroll of recharging
 z - a scroll of noise {unknown}
 D - 2 scrolls of identify
 E - a scroll of random uselessness {unknown}
 L - a scroll of summoning {unknown}
 M - a scroll of holy word {unknown}
 O - a scroll of fear {unknown}
Potions
 e - a potion of mutation
 j - 2 potions of cure mutation {unknown}
 k - 2 potions of cancellation
 p - a potion of lignification {unknown}
 r - 3 potions of might
 t - 4 potions of agility {unknown}
 x - 3 potions of curing {unknown}
 A - a potion of heal wounds {unknown}
 B - a potion of brilliance {unknown}
 C - 3 potions of flight {unknown}
Books
 u - the Papyrus of Domination
   (You found it on level 5 of the Dungeon)

   Spells                             Type                      Level
   a - Shock                          Conjuration/Air              1
   b - Sting                          Conjuration/Poison           1
   c - Sandblast                      Earth                        1
   d - Searing Ray                    Conjuration                  2
   e - Mephitic Cloud                 Conjuration/Poison/Air       3
   f - Dazzling Spray                 Conjuration/Hexes            3
   g - Fulminant Prism                Conjuration/Hexes            4
   h - Bolt of Draining               Conjuration/Necromancy       5
 H - a book of Air
   (You found it on level 7 of the Dungeon)
Comestibles
 f - 4 bread rations
 w - 7 meat rations
 J - 4 fruits


   Skills:
 + Level 8.1 Fighting
 - Level 14.1 Polearms
 - Level 2.0 Throwing
 - Level 8.0 Dodging
 - Level 4.1 Stealth
 - Level 4.2 Shields


You had 5 spell levels left.
You knew the following spells:

 Your Spells              Type           Power        Failure   Level  Hunger
d - Repel Missiles        Chrm/Air       #.....       73%         2    ###....
s - Swiftness             Chrm/Air       #.......     73%         2    ###....


Dungeon Overview and Level Annotations

Branches:
Dungeon (8/15)             Temple (1/1) D:4
   Lair: D:8-11

Altars:
Ashenzari
Cheibriados
Dithmenos
Elyvilon
Fedhas
Hepliaklqana
Kikubaaqudgha
Makhleb
Nemelex Xobeh
Okawaru
Pakellas
Qazlal
Ru
Sif Muna
Trog
Uskayaw
Vehumet
Xom
Yredelemnul
Zin
The Shining One
Lugonu

Shops:
D:8 [((


Message History

Attack whom?
Press: ? - help, Dir - move target cursor, f - kobold
Aim: a kobold, wielding an enchanted dagger You reach to attack!
You hit the kobold.
You kill the kobold!
Attack whom?
Press: ? - help, Dir - move target cursor, f - big kobold
Aim: a big kobold, wielding a club You could not reach far enough!
Attack whom?
Press: ? - help, Dir - move target cursor, f/p - big kobold
Aim: a big kobold, wielding a club You reach to attack!
You puncture the big kobold!
The big kobold is moderately wounded.
The big kobold hits Udjahorresnet with a club.
Udjahorresnet hits the big kobold with a flail!
Attack whom?
Press: ? - help, Dir - move target cursor, f/p - big kobold
Aim: a big kobold, wielding a club (severely wounded)
You reach to attack!
You puncture the big kobold!
You kill the big kobold!
The kobold unwields an uncursed short sword.
The kobold wields a blowgun.
The kobold shoots a poisoned needle.
Udjahorresnet blocks the poisoned needle.
Attack whom?
Press: ? - help, Dir - move target cursor, f - you That would be overly suicidal.
Okay, then.
Unknown command.
The kobold throws a stone.
Udjahorresnet blocks the stone. 2 kobolds come into view.
A kobold comes into view. It is wielding a dagger.
The kobold shoots a poisoned needle.
The poisoned needle hits Udjahorresnet.
The kobold throws a stone.
Udjahorresnet blocks the stone.
Udjahorresnet closely misses the kobold.
The electric eel shoots out a bolt of lightning at you!
The bolt of electricity hits the kobold.
The kobold dies!
The bolt of electricity hits the kobold.
The kobold dies!
The bolt of electricity hits Udjahorresnet.
The bolt of electricity hits you!
Things that are here:
a stone; a poisoned needle Attack whom?
Press: ? - help, Dir - move target cursor, f - kobold
Aim: a kobold, wielding a blowgun You reach to attack!
You puncture the kobold!
You feel better.
You kill the kobold!
The kobold throws a stone.
The stone closely misses Udjahorresnet.
The stone misses you.
Attack whom?
Press: ? - help, Dir - move target cursor, f - you That would be overly suicidal.
Okay, then.
Unknown command.
Udjahorresnet hits the kobold with a flail!
The kobold dies!
Udjahorresnet blocks the kobold's attack.
Udjahorresnet barely misses the kobold.
The kobold closely misses Udjahorresnet.
Udjahorresnet hits the kobold with a flail!
The kobold dies!
The electric eel shoots out a bolt of lightning at you!
The bolt of electricity hits Udjahorresnet.
Udjahorresnet appears unharmed.
The bolt of electricity hits you!
Things that are here:
2 stones; a poisoned needle Attack whom?
Press: ? - help, Dir - move target cursor
Okay, then.
The electric eel shoots out a bolt of lightning at you!
The bolt of electricity hits Udjahorresnet.
The bolt of electricity hits you!
Items here: (( ))) a poisoned needle; a club; an enchanted dagger; 4 stones; a dagger The electric eel shoots out a bolt of lightning at you!
The bolt of electricity hits you!
The electric eel shoots out a bolt of lightning at you!
The bolt of electricity hits you!
The electric eel shoots out a bolt of lightning at you!
The bolt of electricity hits Udjahorresnet.
The bolt of electricity hits you!
* * * LOW HITPOINT WARNING * * *
Udjahorresnet barely misses the electric eel.
The electric eel shoots out a bolt of lightning at you!
The bolt of electricity hits Udjahorresnet.
Udjahorresnet is destroyed!
The bolt of electricity hits you!
* * * LOW HITPOINT WARNING * * *
Okay, then.
The electric eel shoots out a bolt of lightning at you!
The bolt of electricity hits you!
* * * LOW HITPOINT WARNING * * *
Things that are here:
a dagger of holy wrath; a scroll of identify; a kobold corpse The electric eel shoots out a bolt of lightning at you!
The bolt of electricity hits you!
You die...

#......)..).......
≈≈..#...##...#.#(.).##.....
≈.≈...#..#.......((...##.....
..≈........##..#.#(...#......
..≈.≈.....(##.........#......
.≈≈≈≈......##.........#......
≈≈≈≈≈......####.##....##†####
.≈≈.≈≈...))####.##...........
.≈≈.≈;....)@(................
.≈≈........####.##.#####.####
.≈≈........####.##.#####.####
..≈.......................)..
#.≈..##########.##.#####.####
#≈≈.# #.##.#####.#### #≈##
#.............. #
###############


You could see an electric eel.

Vanquished Creatures
  A centaur skeleton (D:8)
  A hippogriff (D:8)
  2 steam dragons
  2 water moccasins
  3 ice beasts
  3 orc warriors
  A sky beast (D:7)
  A wasp (D:8)
  An ogre (D:7)
  2 phantoms (D:5)
  A centaur (D:6)
  A wolf (D:8)
  A big kobold (D:8)
  2 giant frogs
  A scorpion (D:5)
  2 howler monkeys
  7 crimson imps
  A hound (D:8)
  A giant frog zombie (D:8)
  A quasit (D:8)
  4 orc priests
  An iguana (D:6)
  8 orc wizards
  3 worker ants
  A hound skeleton (D:6)
  A howler monkey zombie (D:7)
  6 adders
  4 gnolls
  2 shadow imps
  2 ufetubi (D:8)
  An adder zombie (D:5)
  An adder skeleton (D:4)
  4 worms
  A dart slug (D:1)
  3 giant geckos
  18 orcs
  7 bats
  3 giant cockroaches
  8 goblins
  6 hobgoblins
  4 jackals
  4 quokkas
  A giant gecko skeleton (D:4)
  7 giant newts
  10 kobolds
  3 rats
148 creatures vanquished.

Vanquished Creatures (collateral kills)
  Psyche (D:8)
  A yak (D:8)
  A hungry ghost (D:7)
  An orc warrior (D:6)
  2 necrophages (D:7)
  A phantom (D:8)
  2 ogres
  A giant frog (D:7)
  3 howler monkeys
  A wyvern simulacrum (D:8)
  An orc wizard (D:8)
  2 hounds
  2 worker ants (D:5)
  A worker ant zombie (D:5)
  An adder (D:7)
  A shadow imp (D:6)
  2 giant geckos
  5 orcs
  2 giant cockroaches
  2 jackals (D:5)
  3 kobolds (D:8)
  A giant gecko simulacrum (D:8)
  A jackal zombie (D:6)
38 creatures vanquished.

Vanquished Creatures (others)
  A knight (D:8)
  3 ancestors
  2 kobolds (D:8)
6 creatures vanquished.

Grand Total: 192 creatures vanquished

Notes
Turn   | Place    | Note
--------------------------------------------------------------
     0 | D:1      | MenacingMecha the Merfolk Gladiator began the quest for the Orb.
     0 | D:1      | Reached XP level 1. HP: 16/16 MP: 1/1
    93 | D:1      | Reached skill level 5 in Polearms
    93 | D:1      | Reached XP level 2. HP: 22/22 MP: 2/2
   879 | D:1      | Reached XP level 3. HP: 27/27 MP: 3/3
   929 | D:1      | Reached skill level 6 in Polearms
  1310 | D:2      | Reached skill level 3 in Fighting
  1364 | D:2      | Reached XP level 4. HP: 35/35 MP: 4/4
  1857 | D:3      | Reached skill level 4 in Fighting
  2061 | D:3      | Reached XP level 5. HP: 43/43 MP: 5/5
  2398 | D:3      | Reached skill level 5 in Fighting
  3344 | D:4      | Noticed a water moccasin
  3405 | D:4      | Killed a water moccasin
  3405 | D:4      | Reached skill level 6 in Dodging
  3405 | D:4      | Reached XP level 6. HP: 32/51 MP: 6/6
  3654 | D:4      | Found a staircase to the Ecumenical Temple.
  3663 | Temple   | Entered the Ecumenical Temple
  3689 | Temple   | Became a worshipper of Hepliaklqana
  4087 | D:5      | Entered Level 5 of the Dungeon
  4197 | D:5      | Got a faintly glowing leather armour
  4208 | D:5      | Identified the +2 leather armour "Vuytieli" {MR+ Str+2} (You found it on level 5 of the Dungeon)
  4227 | D:5      | Noticed a phantom
  4241 | D:5      | Killed a phantom
  4241 | D:5      | Reached skill level 7 in Polearms
  4244 | D:5      | Found a burning altar of Makhleb.
  4248 | D:5      | Found a glowing silver altar of Zin.
  4248 | D:5      | Noticed an angel
  4249 | D:5      | Noticed a blizzard demon
  4269 | D:5      | Noticed an ice beast
  4290 | D:5      | Killed an ice beast
  4290 | D:5      | Reached skill level 8 in Polearms
  4290 | D:5      | Reached XP level 7. HP: 56/56 MP: 7/7
  4385 | D:5      | Noticed a steam dragon
  4387 | D:5      | Noticed a steam dragon
  4557 | D:5      | Killed a steam dragon
  4557 | D:5      | Reached skill level 9 in Polearms
  4814 | D:5      | Identified the Papyrus of Domination
  4989 | D:5      | Found a glowing silver altar of Zin.
  5267 | D:5      | Reached * piety under Hepliaklqana
  5288 | D:5      | Found a bloodstained altar of Trog.
  5288 | D:5      | Found a shimmering altar of Xom.
  5333 | D:5      | Reached skill level 10 in Polearms
  5404 | D:5      | Reached XP level 8. HP: 58/62 MP: 8/8
  5431 | D:5      | Found a snail-covered altar of Cheibriados.
  5862 | D:6      | Reached skill level 11 in Polearms
  5984 | D:6      | Found an iron altar of Okawaru.
  6037 | D:6      | Found a basalt altar of Yredelemnul.
  6136 | D:6      | Reached skill level 12 in Polearms
  6346 | D:6      | Reached skill level 13 in Polearms
  6553 | D:6      | Found a deep blue altar of Sif Muna.
  6637 | D:6      | Found a glowing golden altar of the Shining One.
  6800 | D:6      | Noticed an angel
  6856 | D:7      | Reached XP level 9. HP: 68/68 MP: 9/9
  6904 | D:7      | Learned a level 2 spell: Repel Missiles
  6907 | D:7      | Learned a level 2 spell: Swiftness
  6931 | D:7      | Reached ** piety under Hepliaklqana
  6931 | D:7      | Found a sacrificial altar of Ru.
  7002 | D:7      | Reached skill level 14 in Polearms
  7019 | D:7      | Reached skill level 2 in Stealth
  7068 | D:7      | Reached skill level 3 in Stealth
  7217 | D:7      | Reached skill level 4 in Stealth
  7221 | D:7      | Remembered your ancestor Udjahorresnet as a knight
  7419 | D:7      | Found a white marble altar of Elyvilon.
  7467 | D:7      | Found an ancient bone altar of Kikubaaqudgha.
  7468 | D:7      | Found a blossoming altar of Fedhas.
  7530 | D:8      | Reached skill level 6 in Fighting
  7740 | D:8      | Found Taifi's Weapon Boutique.
  7769 | D:8      | Reached skill level 7 in Fighting
  7780 | D:8      | Noticed Psyche
  7807 | D:8      | Killed Psyche
  7807 | D:8      | Reached skill level 8 in Fighting
  7841 | D:8      | Found Xixkyerhe's Weapon Boutique.
  7855 | D:8      | Reached skill level 1 in Shields
  7879 | D:8      | Reached skill level 2 in Shields
  7880 | D:8      | Reached skill level 3 in Shields
  7880 | D:8      | Reached XP level 10. HP: 67/80 MP: 10/10
  8005 | D:8      | Reached skill level 4 in Shields
  8130 | D:8      | Found Nudyoseg's Armour Shoppe.
  8182 | D:8      | Found a stormy altar of Qazlal.
  8243 | D:8      | Reached skill level 7 in Dodging
  8322 | D:8      | Found a shadowy altar of Dithmenos.
  8414 | D:8      | Reached skill level 8 in Dodging
  8435 | D:8      | HP: 14/80 [electric eel/bolt of electricity (10)]
  8438 | D:8      | Killed from afar by an electric eel

Vault maps used:
D:1:      dpeg_arrival_boxes_within_box, solitary_fountain
D:2:      first_bread, serial_bayou_pond_e
D:4:      minmay_temple_entry_statues_fountains
D:5:      kennysheep_steamy, grunt_temple_overflow_order_and_chaos_2,
          nicolae_overflow_crystal_walls, gammafunk_temple_overflow_elements,
          basic_altar
D:6:      grunt_temple_overflow_holy_war, led_sif_pool, lemuel_crystal_altar,
          minivault_23
D:7:      nicolae_ru_awakened_eye, minitemple
D:8:      grunt_dithmenos_shadows, serial_shops, kennysheep_little_box, shop,
          shop_statue, nicolae_shop_waterfront, shop_fountains, serial_ice,
          serial_ice_k, serial_ice_n, serial_ice_b, serial_ice_c,
          kennysheep_nub, hangedman_little_slice_of_home,
          nicolae_qazlal_style_of_elements, uniq_psyche
Temple:   corrupted_temple

Skill      XL: |  1  2  3  4  5  6  7  8  9 10 |
---------------+-------------------------------+-----
Polearms       | 5 6 8 10 13 14 | 14.1
Fighting       | 3 4 5 8 |  8.1
Dodging        | 6 8 |  8.0
Stealth        | 4 |  4.1
Shields        | 3 4 |  4.2
Throwing       | |  2.0

Action                   |  1- 3 |  4- 6 |  7- 9 | 10-12 || total
-------------------------+-------+-------+-------+-------++-------
Melee: Trident           |    80 |   209 |   327 |    54 ||   670
       Tailslap          |       |       |     3 |       ||     3
Throw: Javelin           |       |     8 |    10 |     2 ||    20
       Throwing net      |       |     1 |     1 |       ||     2
Invok: Ancestor Life: Kn |       |       |     1 |       ||     1
  Use: Scroll            |       |     8 |     3 |       ||    11
 Stab: Sleeping          |     2 |       |     3 |       ||     5
       Held in net/web   |       |     1 |       |       ||     1
       Distracted        |       |     1 |     4 |     1 ||     6
  Eat: Chunk             |     1 |     9 |    10 |     1 ||    21
       Fruit             |       |       |     3 |       ||     3
       Pizza             |       |       |     2 |       ||     2
       Beef jerky        |       |       |     1 |       ||     1
Armor: Leather armour    |    10 |     2 |    22 |       ||    34
       Ring mail         |       |    26 |       |       ||    26
       Steam dragon armo |       |       |    26 |       ||    26
Dodge: Dodged            |    38 |    71 |   107 |    20 ||   236
Block: Buckler           |     8 |    32 |    51 |     9 ||   100

Vault maps used:
D:1:      dpeg_arrival_boxes_within_box, solitary_fountain
D:2:      first_bread, serial_bayou_pond_e
D:4:      minmay_temple_entry_statues_fountains
D:5:      kennysheep_steamy, grunt_temple_overflow_order_and_chaos_2,
          nicolae_overflow_crystal_walls, gammafunk_temple_overflow_elements,
          basic_altar
D:6:      grunt_temple_overflow_holy_war, led_sif_pool, lemuel_crystal_altar,
          minivault_23
D:7:      nicolae_ru_awakened_eye, minitemple
D:8:      grunt_dithmenos_shadows, serial_shops, kennysheep_little_box, shop,
          shop_statue, nicolae_shop_waterfront, shop_fountains, serial_ice,
          serial_ice_k, serial_ice_n, serial_ice_b, serial_ice_c,
          kennysheep_nub, hangedman_little_slice_of_home,
          nicolae_qazlal_style_of_elements, uniq_psyche
Temple:   corrupted_temple

Table legend:
 A = Turns spent in this place as a percentage of turns spent in the entire game.
 B = Non-inter-level travel turns spent in this place as a percentage of non-inter-level travel turns spent in the entire game.
 C = Inter-level travel turns spent in this place as a percentage of turns spent in this place.
 D = Turns resting spent in this place as a percentage of non-inter-level travel turns spent in this place.
 E = Turns spent auto-exploring this place as a percentage of non-inter-level travel turns spent in this place.
 F = Non-inter-level travel turns spent in this place divided by the number of levels of this place that you've seen.
                   A       B       C       D       E      F
               +-------+-------+-------+-------+-------+----------------------
         Total | 100.0 | 100.0 |   0.4 |   2.2 |   3.3 | 390.0
       Dungeon |  98.9 |  98.9 |   0.3 |   2.2 |   3.3 | 434.0
        Temple |   1.1 |   1.1 |   2.6 |   0.0 |   0.0 |  38.0
               +-------+-------+-------+-------+-------+----------------------

Table legend:
 A = Kills in this place as a percentage of kills in entire the game.
 B = Kills by you in this place as a percentage of kills by you in the entire game.
 C = Kills by friends in this place as a percentage of kills by friends in the entire game.
 D = Other kills in this place as a percentage of other kills in the entire game.
 E = Experience gained in this place as a percentage of experience gained in the entire game.
 F = Experience gained in this place divided by the number of levels of this place that you have seen.
                   A       B       C       D       E      F
               +-------+-------+-------+-------+-------+----------------------
         Total | 100.0 | 100.0 | 100.0 |  -nan | 100.0 | 647.2
       Dungeon | 100.0 | 100.0 | 100.0 |  -nan | 100.0 | 728.1
               +-------+-------+-------+-------+-------+----------------------
